 Dungeon Crawl Stone Soup version 0.27-a0-797-g27d10ad80f (webtiles) character file.

Game seed: 3479191476445819472

28 inqbanana the Skirmisher (level 3, 0/34 HPs)
             Began as a Naga Fighter on Mar 27, 2021.
             Slain by a worm (9 damage)
             ... on level 2 of the Dungeon.
             The game lasted 00:01:37 (1272 turns).

inqbanana the Skirmisher (Naga Fighter)             Turns: 1272, Time: 00:01:38

Health: 0/34       AC:  5    Str: 18    XL:     3   Next: 14%
Magic:  3/3        EV:  5    Int:  8    God:
Gold:   46         SH:  8    Dex: 11    Spells: 2/2 levels left

rFire    . . .     SeeInvis +   a - +1 long sword
rCold    . . .     Faith    .   c - +0 kite shield
rNeg     . . .     Spirit   .   b - +0 scale mail
rPois    +         Reflect  .   (no helmet)
rElec    .         Harm     .   e - +0 cloak
rCorr    .         Rampage  .   (no gloves)
Will     .....                  (no barding)
Stlth    +.........             (no amulet)
HPRegen  0.11/turn              (no ring)
MPRegen  0.08/turn              (no ring)

@: very slow
A: AC +1, large, see invisible, deformed body, poison resistance, slowness 2,
spit poison 1, naga tail 1
a: Spit Poison


You were on level 2 of the Dungeon.
You visited 1 branch of the dungeon, and saw 2 of its levels.

You collected 46 gold pieces.

Inventory:

Hand Weapons
 a - a +1 long sword (weapon)
Armour
 b - a +0 scale mail (worn)
 c - a +0 kite shield (worn)
 e - a +0 cloak (worn)
Scrolls
 f - 2 scrolls of teleportation {unknown}
Potions
 d - a potion of might
 g - 2 potions of heal wounds {unknown}


   Skills:
 + Level 3.1 Fighting
 * Level 2.4 Long Blades
 + Level 2.5 Armour
 + Level 0.4 Dodging
 * Level 2.3 Stealth
 + Level 2.5 Shields


You had 2 spell levels left.
You didn't know any spells.
Your spell library was empty.

Dungeon Overview and Level Annotations

Branches:
Dungeon (2/15)

Altars:
Kikubaaqudgha


Innate Abilities, Weirdness & Mutations

Your serpentine skin is tough. (AC +1)
You have supernaturally acute eyesight. (SInv)
Armour fits poorly on your strangely shaped body.
Your system is resistant to poisons. (rPois)
You cover ground very slowly.
You can spit poison.
You have a snake-like lower body.


Message History

(D) Dungeon
Where to? (? - help)
What level of the Dungeon? (default 1, ? - help)
There is an open door here.
There is a stone staircase leading down here.
You climb downwards.
A worm comes into view.
There is a stone staircase leading up here.
A worm is nearby!
Found an ancient bone altar of Kikubaaqudgha.
A jackal comes into view.
The jackal moves out of view.
There is a dry fountain here.
A jackal comes into view.
You block the worm's attack.
The jackal moves out of view.
You hit the worm.
The worm is lightly wounded.
You block the worm's attack.
You hit the worm.
The worm is moderately wounded.
The worm bites you.
You slash the worm!
The worm is severely wounded.
The worm bites you.
You barely miss the worm.
The worm is severely wounded.
The worm barely misses you.
You hit the worm but do no damage.
The worm is heavily wounded.
The worm bites you!
Your shield and scale mail prevent you from hitting the worm.
The worm is heavily wounded.
You hit the worm.
The worm is almost dead.
The worm bites you!
* * * LOW HITPOINT WARNING * * *
Your shield prevents you from hitting the worm.
The worm is almost dead.
The worm bites you!
You die...

### ... #.# #.# .
##.## .#..##<..###
#...........######
###.......⌠@w....#
.....≈≈≈≈...#..#.#
###.≈≈≈≈≈..## ##
#..≈≈≈≈..#
#.....≈...
#.....≈...#
#.⌠....≈_.#
....##....#


You could see a worm.

Vanquished Creatures
  A gnoll (D:1)
  A ball python (D:1)
  A bat (D:1)
  3 endoplasms (D:1)
  A giant cockroach (D:1)
  A hobgoblin (D:1)
  2 jackals (D:1)
  2 quokkas (D:1)
  A frilled lizard (D:1)
  2 kobolds (D:1)
  A rat (D:1)
16 creatures vanquished.

Notes
Turn   | Place    | Note
-------+----------+-------------------------------------------
     0 | D:1      | inqbanana the Naga Fighter began the quest for the Orb.
     0 | D:1      | Reached XP level 1. HP: 21/21 MP: 1/1
   197 | D:1      | Reached skill level 1 in Stealth
   197 | D:1      | Reached XP level 2. HP: 5/28 MP: 2/2
   987 | D:1      | Reached XP level 3. HP: 33/34 MP: 3/3
  1261 | D:2      | Found an ancient bone altar of Kikubaaqudgha.
  1272 | D:2      | Slain by a worm

Illustrated notes

Levels and vault maps discovered:
D:1:      ncdulo_smallfort, layout_loops_corners, minmay_tetromino_o4
D:2:      minmay_diamond_boxcup, layout_basic, kiku_gazebo_pond_becter,
          chequers_ecumenical_altar_simple, uniq_jessica

Skill      XL: |  1  2 |
---------------+-------+-----
Stealth        | 1 2 |  2.3
Fighting       | |  3.1
Long Blades    | |  2.4
Armour         | |  2.5
Dodging        | |  0.4
Shields        | |  2.5

Action                   || total
-------------------------++-------
Melee: Long sword        ||    57
 Abil: Spit Poison       ||     2
  Use: Potion            ||     4
       Scroll            ||     1
Armor: Scale mail        ||    21
Dodge: Dodged            ||    13
Block: Kite shield       ||    30
       Rpst.: Long sword ||     3

Table legend: (Time is in decaauts)
 A = Elapsed time spent in this place.
 B = Non-inter-level travel time spent in this place.
 C = Inter-level travel time spent in this place.
 D = Time resting spent in this place.
 E = Time spent auto-exploring this place.
 F = Levels seen in this place.
 G = Mean time per level.
                   A        B        C        D        E       F      G
               +--------+--------+--------+--------+--------+-----+--------+
         Total |   1566 |   1530 |     36 |      0 |   1291 |   2 |  783.0 |
       Dungeon |   1566 |   1530 |     36 |      0 |   1291 |   2 |  783.0 |
               +--------+--------+--------+--------+--------+-----+--------+

Top non-repeatable levels by time:
     D:1: 1549 daAuts
     D:2: 16 daAuts
